 Dungeon Crawl Stone Soup version 0.19.4-8-ga85b6b9 (webtiles) character file.

26284 empire the Protected (level 12, -3/110 HPs)
             Began as a Minotaur Fighter on Feb 9, 2017.
             Was an Initiate of Nemelex Xobeh.
             Slain by a 14-headed hydra (10 damage)
             ... on level 14 of the Dungeon on Feb 10, 2017.
             The game lasted 00:51:54 (13242 turns).

empire the Protected (Minotaur Fighter)            Turns: 13242, Time: 00:51:55

Health: -3/110     AC: 25    Str: 24    XL:     12   Next: 97%
Magic:  17/17      EV:  7    Int:  5    God:    Nemelex Xobeh [......]
Gold:   1500       SH: 15    Dex: 12    Spells: 1 memorised, 8 levels left

rFire  . . .     SeeInvis .     a - +5 long sword
rCold  . . .     Gourm    .     Q - +0 plate armour
rNeg   . . .     Faith    .     c - +2 shield
rPois  .         Spirit   .     v - +2 hat
rElec  .         Reflect  .     y - +0 cloak {MR+}
rCorr  +         Harm     .     o - +2 pair of gloves
MR     ++...                    F - +0 pair of boots
Stlth  ..........               e - amulet of regeneration
                                z - ring of protection from magic
                                i - ring of resist corrosion

@: about to teleport
A: retaliatory headbutt, horns 2, iridescent scales 1, sturdy frame 1
a: Renounce Religion


You were on level 14 of the Dungeon.
You worshipped Nemelex Xobeh.
Nemelex Xobeh was noncommittal.
You were not hungry.

You visited 3 branches of the dungeon, and saw 16 of its levels.
You also visited: Trove and Ossuary.

You collected 1720 gold pieces.
You spent 220 gold pieces at shops.

Inventory:

Hand Weapons
 a - a +5 long sword (weapon)
 b - the +0 mace of the End {crush, *Contam rPois rN+ Stlth+}
   (You found it on level 11 of the Dungeon)

   It inflicts extra damage upon your enemies.
   It protects you from poison.
   It protects you from negative energy.
   It causes magical contamination when unequipped.
   It makes you more stealthy.
 m - a +2 great sword of electrocution
 n - a +2 scimitar
Armour
 c - a +2 shield (worn)
 o - a +2 pair of gloves (worn)
 v - a +2 hat (worn)
 y - a +0 cloak of magic resistance (worn)
 F - a +0 pair of boots (worn)
 Q - a +0 plate armour (worn)
Magical Staves
 R - an uncursed staff of death {unknown}
Jewellery
 e - an amulet of regeneration (around neck)
 g - the amulet "Miof" {Reflect Dex+4 SH+6}
   (You found it in a treasure trove)

   [amulet of reflection]

   It shields you and reflects attacks.
   It affects your dexterity (+4).
   It affects your SH (+6).
 i - a ring of resist corrosion (left hand)
 k - an uncursed amulet of harm
 z - a ring of protection from magic (right hand)
Wands
 d - a wand of polymorph (15/24)
 h - a wand of flame (14/48)
 p - a wand of flame (5/48)
 I - a wand of acid (13/15)
 M - a wand of iceblast (0/15)
Scrolls
 l - a scroll of amnesia
 r - 4 scrolls of noise
 w - 10 scrolls of remove curse
 x - 6 scrolls of teleportation
 A - 2 scrolls of torment
 B - 2 scrolls of recharging
 D - a scroll of fog
 G - 5 scrolls of magic mapping
Potions
 E - a potion of curing
 H - a potion of agility
 K - 4 potions of flight
 L - a potion of cure mutation
 N - a potion of berserk rage
 O - a potion of haste
 P - a potion of heal wounds
 S - a potion of invisibility
Books
 J - a book of Clouds

   Spells                             Type                      Level
   a - Mephitic Cloud                 Conjuration/Poison/Air       3
   b - Conjure Flame                  Conjuration/Fire             3
   c - Poisonous Cloud                Conjuration/Poison/Air       6
   d - Freezing Cloud                 Conjuration/Ice/Air          6
   e - Ring of Flames                 Charms/Fire                  7
Miscellaneous
 j - a fan of gales
 Y - a plain deck of escape
 Z - a plain deck of escape {drawn: 3}
Comestibles
 f - 15 bread rations
 q - a meat ration
 t - 6 beef jerkies
 u - 3 royal jellies
 T - a slice of pizza


   Skills:
 + Level 11.3 Fighting
 + Level 9.6 Long Blades
 - Level 5.5 Maces & Flails
   Level 7.1 Polearms
 + Level 11.5 Armour
 + Level 11.3 Shields
 + Level 8.2 Invocations
 + Level 7.0 Evocations


You had 8 spell levels left.
You knew the following spells:

 Your Spells              Type           Power        Failure   Level  Hunger
a - Regeneration          Chrm/Necr      #.........   100%        3    ####...


Dungeon Overview and Level Annotations

Branches:
Dungeon (14/15)            Temple (1/1) D:4            Lair (0/6) D:8
    Orc (1/2) D:10
 Vaults: D:13-14

Altars:
Ashenzari
Cheibriados
Dithmenos
Elyvilon
Fedhas
Gozag
Hepliaklqana
Kikubaaqudgha
Makhleb
Nemelex Xobeh
Okawaru
Qazlal
Ru
Sif Muna
Trog
Uskayaw
Vehumet
Xom
Yredelemnul
Zin
The Shining One
Beogh

Shops:
D:4 (   D:6 (%!   D:14 *


Innate Abilities, Weirdness & Mutations

You reflexively headbutt those who attack you in melee.
You have a pair of horns on your head.
You are partially covered in iridescent scales. (AC +2)
Your movements are slightly less encumbered by armour. (ER -2)


Message History

* * * LOW HITPOINT WARNING * * *
The 14-headed hydra bites you but does no damage.
You block the 14-headed hydra's attack. The 14-headed hydra closely misses you.
You block the 14-headed hydra's attack. The 14-headed hydra bites you!
* * * LOW HITPOINT WARNING * * *
The 14-headed hydra bites you but does no damage.
The 14-headed hydra completely misses you.
As you read the scroll of teleportation, it crumbles to dust.
You feel strangely unstable.
The 14-headed hydra bites you but does no damage.
You block the 14-headed hydra's attack.
The 14-headed hydra bites you but does no damage.
The 14-headed hydra bites you.
* * * LOW HITPOINT WARNING * * *
The 14-headed hydra bites you but does no damage.
The 14-headed hydra barely misses you.
The 14-headed hydra bites you but does no damage.
The 14-headed hydra closely misses you. The 14-headed hydra bites you!
You die...
Your body disappears without a glow.

+...)......'...................
###...########+##.###..####..##
###...# #...##.###..####..##
.........# #....'...#..........
.........# #....#...#..........
...##...########'######.###.##.##
... #...###.####.######.###∩##.##
#####............................
.............D@....H...†.......
.##########.###..##.####)######
#.###..##.####.###...
............#.<..#....
............#....#....
#######################


You could see a 14-headed hydra and a manticore.

Vanquished Creatures
  A death knight (D:12)
  A centaur warrior (D:13)
  An unseen horror (D:13)
  A deep elf mage (D:12)
  An orc knight (D:14)
  7 hill giants
  An ugly thing (D:12)
  Psyche (D:9)
  2 freezing wraiths (D:12)
  4 trolls
  A meliai (D:14)
  A two-headed ogre (D:10)
  A tyrant leech (D:13)
  A hornet (D:8)
  3 hippogriffs
  5 slime creatures (D:12)
  Sigmund (D:3)
  Eustachio (D:5)
  A spriggan (D:8)
  8 yaks
  The ghost of Jonyez the Covered, an amateur MiFi (D:4)
  9 humans (D:14)
  A hungry ghost (D:11)
  4 vampire mosquitoes (D:14)
  Edmund (D:4)
  3 sky beasts
  3 black bears
  A phantom (D:13)
  5 orc warriors
  6 ice beasts
  2 necrophages
  4 ogres
  7 centaurs
  8 bullfrogs
  A gnoll sergeant (D:8)
  A wyvern skeleton (D:14)
  3 scorpions
  A water moccasin skeleton (D:4)
  6 killer bees
  13 wights
  2 howler monkeys
  4 electric eels (D:10)
  6 crimson imps
  A bullfrog zombie (D:10)
  9 orc priests
  14 orc wizards
  2 centaur skeletons
  4 hounds
  3 jellies
  Crazy Yiuf (D:3)
  2 bullfrog skeletons
  4 iguanas
  Terence (D:2)
  9 worker ants
  A big kobold zombie (Ossuary)
  A hound zombie (D:7)
  A hound skeleton (D:4)
  8 mummies (Ossuary)
  Robin (D:2)
  15 adders
  3 gnolls (D:8)
  2 shadow imps
  An adder skeleton (D:7)
  A worm (D:4)
  2 dart slugs (D:1)
  5 leopard geckos
  48 orcs
  7 giant cockroaches
  24 goblins
  11 hobgoblins
  11 jackals
  4 quokkas
  2 ball pythons
  9 bats
  5 frilled lizards
  2 gnoll zombies (Ossuary)
  2 hobgoblin zombies (Ossuary)
  7 kobolds
  A kobold zombie (Ossuary)
  A leopard gecko zombie (D:5)
  2 orc zombies (Ossuary)
  10 rats
372 creatures vanquished.

Vanquished Creatures (collateral kills)
  The ghost of Paps the Protected, a journeyman GrFi of Qazlal (D:10)
  A ghost crab (shapeshifter) (D:14)
  A centaur warrior (D:13)
  A tengu warrior (D:14)
  A flayed ghost (D:14)
  A glowing orange brain (D:12)
  A skeletal warrior (D:12)
  A phantasmal warrior (D:12)
  2 hill giants
  An ugly thing (D:12)
  A cyclops (D:13)
  A manticore (D:12)
  5 slime creatures (D:12)
  3 orc warriors
  2 centaurs (D:12)
  A big kobold (D:12)
  3 killer bees (D:10)
  A wight (D:14)
  A howler monkey (D:13)
  An orc wizard (D:12)
  A worker ant zombie (D:10)
  An adder (D:12)
  An orc (D:13)
  2 kobolds (D:12)
35 creatures vanquished.

Vanquished Creatures (others)
  A manticore (D:14)
1 creature vanquished.

Grand Total: 408 creatures vanquished

Notes
Turn   | Place    | Note
-------+----------+-------------------------------------------
     0 | D:1      | empire the Minotaur Fighter began the quest for the Orb.
     0 | D:1      | Reached XP level 1. HP: 19/19 MP: 0/0
   124 | D:1      | Reached XP level 2. HP: 25/27 MP: 1/1
   316 | D:1      | Reached XP level 3. HP: 26/33 MP: 2/2
   870 | D:2      | Found a basalt altar of Yredelemnul.
   892 | D:2      | Found an iron altar of Okawaru.
   934 | D:2      | Noticed Terence
   942 | D:2      | Killed Terence
   942 | D:2      | Reached XP level 4. HP: 41/41 MP: 3/3
   954 | D:2      | Noticed Robin
   967 | D:2      | Killed Robin
  1490 | D:2      | Reached XP level 5. HP: 47/47 MP: 4/4
  2020 | D:3      | Found a runed door.
  2024 | D:3      | Noticed Crazy Yiuf
  2029 | D:3      | Killed Crazy Yiuf
  2029 | D:3      | Reached skill level 5 in Fighting
  2029 | D:3      | Reached skill level 5 in Shields
  2316 | D:3      | Noticed Sigmund
  2321 | D:3      | Killed Sigmund
  2321 | D:3      | Reached skill level 5 in Armour
  2321 | D:3      | Reached XP level 6. HP: 46/56 MP: 5/5
  2473 | D:4      | Reached skill level 5 in Long Blades
  2508 | D:4      | Found a staircase to the Ecumenical Temple.
  2524 | Temple   | Entered the Ecumenical Temple
  2619 | Temple   | Became a worshipper of Nemelex Xobeh the Trickster
  2649 | D:4      | Noticed Edmund
  2658 | D:4      | Reached XP level 7. HP: 56/62 MP: 6/6
  2672 | D:4      | Killed Edmund
  2700 | D:4      | Noticed Jonyez's ghost (amateur MiFi)
  2713 | D:4      | Killed Jonyez's ghost
  2837 | D:4      | Found Hekittis's Antique Weapon Boutique.
  2874 | D:4      | Received a gift from Nemelex Xobeh
  2973 | D:4      | Found a hazy altar of Hepliaklqana.
  3141 | D:4      | Reached XP level 8. HP: 65/71 MP: 7/7
  3351 | D:5      | Entered Level 5 of the Dungeon
  3404 | D:5      | Found a sand-covered staircase.
  3414 | Ossuary  | Entered an ossuary
  3433 | Ossuary  | Reached skill level 1 in Invocations
  3638 | D:5      | Noticed Eustachio
  3663 | D:5      | Killed Eustachio
  3663 | D:5      | Reached skill level 1 in Evocations
  4115 | D:5      | Reached * piety under Nemelex Xobeh
  4288 | D:6      | Found Fan Saoj's Antique Weapon Shop.
  4355 | D:6      | You fall through a shaft!
  4383 | D:7      | Noticed a hippogriff
  4393 | D:7      | Killed a hippogriff
  4572 | D:7      | Reached XP level 9. HP: 79/79 MP: 10/10
  4610 | D:7      | Found an opulent altar of Gozag.
  4700 | D:7      | Reached ** piety under Nemelex Xobeh
  4757 | D:7      | Found a deep blue altar of Sif Muna.
  5237 | D:7      | Reached skill level 1 in Polearms
  5411 | D:6      | Found a glowing golden altar of the Shining One.
  5556 | D:6      | Gained mutation: You are dopey. (Int -2) [mutagenic meat]
  5557 | D:6      | Gained mutation: Scrolls take you a little longer to read. [mutagenic meat]
  5558 | D:6      | Gained mutation: Your movements are slightly less encumbered by armour. (ER -2) [mutagenic meat]
  5559 | D:6      | Gained mutation: You are partially covered in iridescent scales. (AC +2) [mutagenic meat]
  5560 | D:6      | Gained mutation: You are resistant to hostile enchantments. (MR+) [mutagenic meat]
  5561 | D:6      | Gained mutation: You are clumsy. (Dex -2) [mutagenic meat]
  5576 | D:6      | Found Niaker's Distillery.
  5587 | D:6      | Bought a potion of curing for 33 gold pieces
  5587 | D:6      | Bought a potion of invisibility for 88 gold pieces
  5587 | D:6      | Bought a potion of berserk rage for 55 gold pieces
  5587 | D:6      | Bought a potion of flight for 33 gold pieces
  5587 | D:6      | Bought a potion of degeneration for 11 gold pieces
  5590 | D:6      | Lost mutation: Scrolls take you a little longer to read. [potion of cure mutation]
  5590 | D:6      | Lost mutation: You are clumsy. (Dex -2) [potion of cure mutation]
  5590 | D:6      | Lost mutation: You are resistant to hostile enchantments. (MR+) [potion of cure mutation]
  5590 | D:6      | Lost mutation: You are dopey. (Int -2) [potion of cure mutation]
  5782 | D:6      | Gained mutation: You have a pair of large horns on your head. [potion of mutation]
  5782 | D:6      | Lost mutation: You have a pair of large horns on your head. [potion of mutation]
  5843 | D:6      | Found Subagall's Food Shoppe.
  5958 | D:6      | Found a bloodstained altar of Trog.
  6541 | D:8      | Found an ancient bone altar of Kikubaaqudgha.
  6581 | D:8      | Found a staircase to the Lair.
  6969 | D:8      | Reached XP level 10. HP: 90/90 MP: 12/12
  7026 | D:8      | Noticed an angel
  7027 | D:8      | Found a glowing silver altar of Zin.
  7099 | D:8      | Found a hide-covered altar of Uskayaw.
  7123 | D:8      | Found a burning altar of Makhleb.
  7151 | D:8      | Received a gift from Nemelex Xobeh
  7204 | D:9      | Noticed Psyche
  7218 | D:9      | Killed Psyche
  7330 | D:9      | Reached *** piety under Nemelex Xobeh
  7415 | D:9      | Received a gift from Nemelex Xobeh
  7676 | D:9      | Reached skill level 5 in Invocations
  7862 | D:10     | Entered Level 10 of the Dungeon
  8053 | D:10     | Received a gift from Nemelex Xobeh
  8263 | D:10     | Noticed Paps's ghost (journeyman GrFi)
  8332 | D:10     | Killed Paps's ghost
  8332 | D:10     | Reached skill level 5 in Polearms
  8385 | D:10     | Noticed a hill giant
  8392 | D:10     | Killed a hill giant
  8557 | D:10     | Found a staircase to the Orcish Mines.
  8600 | D:10     | Found a roughly hewn altar of Beogh.
  8677 | D:10     | Received a gift from Nemelex Xobeh
  8741 | D:10     | Noticed a hill giant
  8748 | D:10     | Killed a hill giant
  8748 | D:10     | Reached skill level 5 in Evocations
  8888 | D:10     | Noticed a hill giant
  8900 | D:10     | HP: 4/91 [hill giant/giant club (13)]
  8908 | D:10     | Killed a hill giant
  8908 | D:10     | Reached XP level 11. HP: 10/97 MP: 14/14
  9214 | D:10     | Learned a level 3 spell: Regeneration
  9272 | D:10     | Received a gift from Nemelex Xobeh
  9320 | D:11     | Reached **** piety under Nemelex Xobeh
  9457 | D:11     | Noticed a hill giant
  9467 | D:11     | Killed a hill giant
  9503 | D:11     | Reached skill level 10 in Armour
  9518 | D:11     | Reached skill level 10 in Shields
  9674 | D:11     | Got a twisted mace
  9675 | D:11     | Identified the +0 mace of the End {crush, *Contam rPois rN+ Stlth+} (You found it on level 11 of the Dungeon)
  9930 | D:12     | Received a gift from Nemelex Xobeh
  9945 | D:12     | Reached skill level 10 in Fighting
  9948 | D:12     | Reached skill level 1 in Maces & Flails
 10053 | D:12     | Noticed a hill giant
 10076 | D:12     | Killed a hill giant
 10156 | D:12     | Received a gift from Nemelex Xobeh
 10241 | D:12     | Noticed a green ugly thing
 10252 | D:12     | Killed a green ugly thing
 10302 | D:12     | Noticed a hill giant
 10302 | D:12     | Noticed a glowing orange brain
 10302 | D:12     | a hill giant changed into a glowing orange brain
 10303 | D:12     | Noticed a deep elf mage
 10309 | D:12     | Killed a glowing orange brain
 10393 | D:12     | Found a portal to a secret trove of treasure.
 10441 | Trove    | Entered a treasure trove
 10458 | Trove    | Got a heavily runed diamond amulet
 10584 | D:12     | Noticed a brown ugly thing
 10587 | D:12     | Noticed a skeletal warrior
 10589 | D:12     | Noticed a phantasmal warrior
 10602 | D:12     | Killed a skeletal warrior
 10605 | D:12     | Killed a phantasmal warrior
 10609 | D:12     | Killed a brown ugly thing
 10654 | D:12     | Noticed a deep elf mage
 10662 | D:12     | Killed a deep elf mage
 10742 | D:12     | Noticed a death knight
 10771 | D:12     | Killed a death knight
 10843 | D:12     | Reached XP level 12. HP: 101/107 MP: 16/16
 11251 | Orc:1    | Entered Level 1 of the Orcish Mines
 11277 | D:10     | Identified the amulet "Miof" {Reflect Dex+4 SH+6} (You found it in a treasure trove)
 11468 | D:13     | Noticed a centaur warrior
 11475 | D:13     | Killed a centaur warrior
 11713 | D:13     | Noticed a centaur warrior
 11723 | D:13     | Killed a centaur warrior
 12201 | D:13     | Noticed a six-headed hydra
 12204 | D:13     | a six-headed hydra changed into a tyrant leech
 12631 | D:14     | Found Qovina's General Store.
 12632 | D:14     | Received a gift from Nemelex Xobeh
 12685 | D:14     | Noticed a tengu warrior
 12696 | D:14     | Killed a tengu warrior
 12832 | D:14     | Reached skill level 5 in Maces & Flails
 13022 | D:14     | Noticed a ghost crab
 13027 | D:14     | Killed a ghost crab
 13174 | D:14     | Noticed a four-headed hydra
 13242 | D:14     | Slain by a 14-headed hydra

Skill      XL: |  1  2  3  4  5  6  7  8  9 10 11 12 |
---------------+-------------------------------------+-----
Fighting       | 4 5 6 7 8 9 10 11 | 11.3
Shields        | 4 5 6 7 8 9 10 11 | 11.3
Armour         | 4 5 6 7 8 9 10 11 | 11.5
Long Blades    | 3 4 5 6 7 8 9 |  9.6
Invocations    | 2 4 6 7 8 |  8.2
Evocations     | 2 3 5 6 7 |  7.0
Polearms       | 3 5 6 7 |  7.1
Maces & Flails | 3 5 |  5.5

Action                   |  1- 3 |  4- 6 |  7- 9 | 10-12 || total
-------------------------+-------+-------+-------+-------++-------
Melee: Long sword        |    75 |   111 |   216 |   631 ||  1033
       Headbutt          |    15 |    25 |    96 |   201 ||   337
       Trident           |       |       |   172 |   163 ||   335
Evoke: Deck              |       |       |       |    43 ||    43
       Wand              |       |       |       |    16 ||    16
  Use: Scroll            |     8 |       |    14 |    19 ||    41
       Potion            |       |       |     5 |    10 ||    15
 Stab: Sleeping          |     1 |       |       |       ||     1
       Invisible         |       |       |       |     5 ||     5
       Distracted        |       |       |       |     4 ||     4
  Eat: Chunk             |       |     6 |    19 |    25 ||    50
       Fruit             |       |       |     1 |       ||     1
Armor: Scale mail        |    34 |    60 |   154 |    27 ||   275
       Robe              |     2 |       |       |       ||     2
       Chain mail        |       |       |       |   205 ||   205
       Plate armour      |       |       |       |   214 ||   214
Dodge: Dodged            |    20 |    53 |   113 |   200 ||   386
Block: Shield            |    46 |    96 |   306 |   636 ||  1084
       Large shield      |       |       |       |    88 ||    88
       Reflection        |       |       |       |    13 ||    13
       Rpst.: Long sword |     7 |    16 |    13 |    34 ||    70
